 Dungeon Crawl Stone Soup version 0.26-a0-812-g31a745ddcd (webtiles) character file.

Game seed: 8560068829596306199

5036 dmks the Thaumaturge (level 10, -6/69 HPs)
             Began as a Grey Draconian Ice Elementalist on Nov 15, 2020.
             Was a Believer of Sif Muna.
             Mangled by a harpy zombie (7 damage)
             ... on level 10 of the Dungeon.
             The game lasted 00:40:15 (12787 turns).

dmks the Thaumaturge (DrIE)                        Turns: 12787, Time: 00:40:16

Health: -6/69      AC: 13    Str: 10    XL:     10   Next: 30%
Magic:  20/31      EV: 15    Int: 19    God:    Sif Muna [**....]
Gold:   554        SH:  0    Dex: 12    Spells: 15/26 levels left

rFire    . . .     SeeInvis .   t - +2 hand axe (elec)
rCold    . . .     Faith    +   (no shield)
rNeg     . . .     Spirit   .   (armour unavailable)
rPois    .         Reflect  .   (helmet restricted)
rElec    .         Harm     .   (no cloak)
rCorr    .         Rampage  .   (no gloves)
MR       .....                  j - +0 pair of boots
Stlth    ++++......             f - amulet of faith {!P}
HPRegen  0.21/turn              n - ring of magical power
MPRegen  0.22/turn              H - ring of stealth

@: hasted, very quick
A: walk through water, unfitting armour, unbreathing, cold-blooded, AC +12
a: Channel Magic, Renounce Religion


You were on level 10 of the Dungeon.
You worshipped Sif Muna.
Sif Muna was pleased with you.
You visited 2 branches of the dungeon, and saw 11 of its levels.

You collected 554 gold pieces.

Inventory:

Hand Weapons
 t - a +2 hand axe of electrocution (weapon)
   (You took it off an orc on level 3 of the Dungeon)
Armour
 j - a +0 pair of boots (worn)
   (You found it on level 4 of the Dungeon)
Magical Staves
 p - an uncursed staff of conjuration {!a}
   (You found it on level 6 of the Dungeon)
Jewellery
 f - an amulet of faith (around neck) {!P}
   (You found it on level 2 of the Dungeon)
 i - an uncursed ring of protection from fire
   (You found it on level 8 of the Dungeon)
 l - an uncursed ring of protection from magic
   (You found it on level 4 of the Dungeon)
 n - a ring of magical power (left hand)
   (You found it on level 4 of the Dungeon)
 r - an uncursed ring of ice
   (You found it on level 4 of the Dungeon)
 A - an uncursed ring of flight
   (You found it on level 7 of the Dungeon)
 H - a ring of stealth (right hand)
   (You found it on level 9 of the Dungeon)
Wands
 u - a wand of paralysis (7)
   (You found it on level 9 of the Dungeon)
 v - a wand of digging (13)
   (You found it on level 9 of the Dungeon)
 B - a wand of enslavement (6)
   (You found it on level 7 of the Dungeon)
Scrolls
 g - 10 scrolls of remove curse {@r2}
 h - 6 scrolls of teleportation {@r4}
 o - 5 scrolls of identify {@r1}
 q - a scroll of immolation {!r}
 w - 2 scrolls of enchant weapon
 y - a scroll of fog
Potions
 a - a potion of haste {@q3}
 b - 2 potions of cancellation {unknown}
 c - 3 potions of attraction {unknown}
 d - a potion of resistance
 e - 3 potions of curing {unknown}
 k - 2 potions of brilliance {unknown}
 m - a potion of ambrosia {unknown}
 s - 3 potions of flight {unknown}
 C - 2 potions of berserk rage {unknown}
 G - a potion of lignification {unknown}


   Skills:
 + Level 6.1 Dodging
 - Level 5.0 Stealth
 * Level 8.7 Spellcasting
 + Level 5.7 Summonings
 + Level 7.5 Ice Magic
 + Level 3.4 Invocations


You had 15 spell levels left.
You knew the following spells:

 Your Spells              Type           Power        Failure   Level
a - Freeze                Ice            ####         1%          1
b - Frozen Ramparts       Ice            #####.       1%          3
c - Ozocubu's Armour      Ice            #####...     1%          3
d - Summon Ice Beast      Ice/Summ       ####....     5%          4

Your spell library contained the following spells:

 Spells                   Type           Power        Failure   Level
 Hailstorm                Conj/Ice       ###.....     19%         4


Dungeon Overview and Level Annotations

Branches:
Dungeon (10/15)            Temple (1/1) D:6             Orc (0/2) D:9
   Lair: D:8-11

Altars:
Ashenzari
Cheibriados
Dithmenos
Elyvilon
Fedhas
Gozag
Hepliaklqana
Kikubaaqudgha
Makhleb
Nemelex Xobeh
Okawaru
Qazlal
Ru
Sif Muna
Trog
Uskayaw
Vehumet
Wu Jian
Xom
Yredelemnul
Zin
The Shining One

Annotations:
D:5 Grinder
D:10 1 runed translucent door


Innate Abilities, Weirdness & Mutations

You can walk through water.
Your dull iron-grey scales are very hard. (AC +12)
You cannot fit into any form of body armour.
You can survive without breathing.
You are cold-blooded and may be slowed by cold attacks.


Message History

The wall freezes the harpy zombie but do no damage.
A chill wind blows around you.
The harpy zombie completely resists.
The wall freezes the harpy zombie but do no damage.
The harpy zombie completely resists.
The wall freezes the harpy zombie but do no damage.
The harpy zombie misses you. The harpy zombie closely misses you.
The harpy zombie completely resists.
The wall freezes the harpy zombie but do no damage.
The harpy zombie claws you but does no damage.
The harpy zombie closely misses you.
The wall freezes the harpy zombie but do no damage.
The harpy zombie completely misses you.
The harpy zombie claws you but does no damage.
The harpy zombie completely resists.
The wall freezes the harpy zombie but do no damage.
The harpy zombie barely misses you. The harpy zombie completely misses you.
The harpy zombie completely resists.
The wall freezes the harpy zombie but do no damage.
The harpy zombie claws you.
* * * LOW HITPOINT WARNING * * *
The harpy zombie claws you.
* * * LOW HITPOINT WARNING * * *
Your ice beast hits the harpy zombie.
Your ice beast freezes the harpy zombie.
The harpy zombie resists.
The harpy zombie claws your ice beast. The harpy zombie claws your ice beast!
The harpy zombie claws your ice beast.
The harpy zombie claws your ice beast but does no damage.
Your ice beast barely misses the harpy zombie.
The frozen ramparts melt away.
The harpy zombie claws your ice beast. x2
The harpy zombie misses your ice beast. The harpy zombie claws your ice beast.
Your ice beast hits the harpy zombie.
Your ice beast freezes the harpy zombie.
The harpy zombie resists.
The harpy zombie claws your ice beast. The harpy zombie misses your ice beast.
The harpy zombie claws your ice beast but does no damage. x3
The harpy zombie claws your ice beast.
Your ice beast dies!
A chill wind blows around you. The harpy zombie claws you.
* * * LOW HITPOINT WARNING * * *
The harpy zombie claws you.
* * * LOW HITPOINT WARNING * * *
The harpy zombie completely misses you. x2
You feel yourself speed up.
The harpy zombie claws you but does no damage.
The harpy zombie misses you.
The harpy zombie claws you but does no damage.
The harpy zombie claws you!
You die...

#....+ +....#
#.... #...#
##...# #....#
#....# #....#
#@Z..# #.Y..#
##...#
#######...#
.......<..# #
..........# .#
..........##..#
...........>..#
.##..##.......#


You could see a harpy zombie and a friendly ice beast (summoned).

Vanquished Creatures
  A two-headed ogre (D:9)
  A deep elf mage (D:9)
  3 yaks (D:9)
  Menkaure (D:6)
  A water moccasin (D:6)
  2 sky beasts
  2 ice beasts
  An orc warrior (D:8)
  A black bear (D:6)
  A necrophage (D:6)
  2 ogres
  4 centaurs
  A big kobold (D:9)
  4 bullfrogs (D:6)
  5 scorpions
  5 killer bees (D:9)
  A wight (D:6)
  4 howler monkeys
  A bullfrog zombie (D:9)
  A hound (D:7)
  A centaur zombie (D:9)
  2 jellies
  6 orc wizards
  5 orc priests
  A gnoll shaman (D:6)
  2 iguanas
  Jessica (D:2)
  2 bullfrog skeletons
  Natasha (thrice) (D:2)
  10 worker ants
  A hound skeleton (D:8)
  A howler monkey skeleton (D:7)
  4 gnolls (D:6)
  5 adders
  2 shadow imps
  An ufetubus (D:7)
  An adder zombie (D:9)
  3 adder skeletons
  A worm (D:3)
  A dart slug (D:2)
  4 leopard geckos
  20 orcs
  A giant cockroach (D:2)
  10 goblins
  10 hobgoblins
  2 jackals (D:4)
  5 quokkas
  3 ball pythons
  A bat (D:3)
  5 frilled lizards
  A giant cockroach zombie (D:5)
  13 kobolds
  2 quokka skeletons
  A quokka zombie (D:5)
  5 rats
178 creatures vanquished.

Vanquished Creatures (collateral kills)
  A wyvern skeleton (D:9)
  A wight (D:7)
  A centaur zombie (D:7)
3 creatures vanquished.

Grand Total: 181 creatures vanquished

Notes
Turn   | Place    | Note
-------+----------+-------------------------------------------
     0 | D:1      | dmks the Draconian Ice Elementalist began the quest for the
                  | Orb.
     0 | D:1      | Reached XP level 1. HP: 14/14 MP: 3/3
   300 | D:1      | Reached XP level 2. HP: 20/20 MP: 0/5
   954 | D:2      | Reached XP level 3. HP: 24/26 MP: 0/6
  1119 | D:2      | Noticed Natasha
  1129 | D:2      | Killed Natasha
  1444 | D:2      | Noticed Natasha
  1491 | D:2      | Noticed Jessica
  1501 | D:2      | Killed Jessica
  1501 | D:2      | Reached skill level 3 in Spellcasting
  1501 | D:2      | Reached XP level 4. HP: 25/33 MP: 3/8
  2015 | D:3      | Learned a level 3 spell: Frozen Ramparts
  2034 | D:2      | Killed Natasha
  2034 | D:2      | Reached XP level 5. HP: 31/38 MP: 5/10
  2049 | D:2      | Noticed Natasha
  2086 | D:2      | Killed Natasha
  3934 | D:4      | Learned a level 4 spell: Summon Ice Beast
  3969 | D:4      | Found an ornate altar of the Wu Jian Council.
  3981 | D:4      | Found a glowing golden altar of the Shining One.
  3987 | D:4      | Found a snail-covered altar of Cheibriados.
  4297 | D:4      | Noticed a phantom
  4690 | D:4      | Reached XP level 6. HP: 45/45 MP: 7/11
  4758 | D:4      | Reached skill level 4 in Spellcasting
  5132 | D:4      | Reached skill level 1 in Summonings
  5425 | D:5      | Entered Level 5 of the Dungeon
  5556 | D:5      | Reached skill level 5 in Ice Magic
  5616 | D:5      | Noticed an ice beast
  5942 | D:5      | Your scales start taking on a dull iron-grey colour.
  5942 | D:5      | Reached XP level 7. HP: 36/50 MP: 13/13
  5942 | D:5      | Gained mutation: You can survive without breathing. [Grey
                  | Draconian growth]
  6318 | D:5      | Found a shimmering altar of Xom.
  6712 | D:6      | Found a staircase to the Ecumenical Temple.
  6722 | D:6      | Reached skill level 5 in Spellcasting
  6858 | Temple   | Entered the Ecumenical Temple
  7025 | Temple   | Became a worshipper of Sif Muna the Loreminder
  7150 | D:6      | Noticed Grinder
  7268 | D:6      | Paralysed by Grinder for 2 turns
  7332 | D:5      | Paralysed by Grinder for 3 turns
  7650 | D:6      | Reached XP level 8. HP: 15/57 MP: 16/16
  7948 | D:6      | Noticed Menkaure
  8087 | D:6      | Reached skill level 6 in Spellcasting
  8106 | D:6      | Killed Menkaure
  8654 | D:6      | Learned a level 3 spell: Ozocubu's Armour
  9331 | D:7      | Reached skill level 5 in Stealth
  9371 | D:7      | Reached * piety under Sif Muna
  9374 | D:7      | Reached XP level 9. HP: 58/60 MP: 19/19
  9467 | D:6      | Reached skill level 5 in Dodging
  9467 | D:6      | Reached skill level 7 in Spellcasting
 10479 | D:7      | Found a sacrificial altar of Ru.
 10727 | D:8      | Reached ** piety under Sif Muna
 10909 | D:8      | Reached skill level 1 in Invocations
 11516 | D:9      | Reached skill level 5 in Summonings
 11651 | D:9      | Reached skill level 8 in Spellcasting
 11710 | D:9      | Found an opulent altar of Gozag.
 12016 | D:9      | Reached XP level 10. HP: 62/67 MP: 22/22
 12130 | D:9      | Found a shadowy altar of Dithmenos.
 12130 | D:9      | Noticed a deep elf mage
 12137 | D:9      | Killed a deep elf mage
 12308 | D:9      | Noticed a two-headed ogre
 12354 | D:9      | Killed a two-headed ogre
 12616 | D:9      | Found a staircase to the Orcish Mines.
 12754 | D:10     | Entered Level 10 of the Dungeon
 12782 | D:10     | Found a runed translucent door.
 12786 | D:10     | HP: 1/69 [harpy zombie (6)]
 12787 | D:10     | Mangled by a harpy zombie

Illustrated notes

Levels and vault maps discovered:
D:1:      dpeg_arrival_signposts, layout_loops_ring, nrook_campfire,
          minmay_pentomino_o2
D:2:      layout_rooms, chequers_serial_rivers_small_b, uniq_jessica,
          uniq_natasha
D:3:      layout_loops_corners
D:4:      layout_loops_corners, minitemple
D:5:      layout_rooms, kennysheep_mini_moat
D:6:      layout_gridville, minmay_temple_entry_sparse_star, uniq_grinder,
          uniq_menkaure
D:7:      layout_rooms, nicolae_ru_awakened_eye
D:8:      layout_rooms
D:9:      layout_irregular_city, grunt_gozag_breadcrumbs, orc_0_dummy,
          david_defended_altar_elf
D:10:     layout_gridville, minmay_statue_crystal_thing, uniq_joseph,
          uniq_psyche, uniq_grum, uniq_maurice
Temple:   regret_index_temple_sphere_string

Skill      XL: |  1  2  3  4  5  6  7  8  9 10 |
---------------+-------------------------------+-----
Stealth        | 2 3 4 5 |  5.0
Dodging        | 2 3 4 5 6 |  6.1
Spellcasting   | 3 4 5 6 8 |  8.7
Summonings     | 1 2 3 5 |  5.7
Ice Magic      | 5 6 7 |  7.5
Invocations    | 2 3 |  3.4

Action                   |  1- 3 |  4- 6 |  7- 9 | 10-12 || total
-------------------------+-------+-------+-------+-------++-------
Melee: Unarmed           |    18 |    26 |       |       ||    44
       Tailslap          |     3 |     3 |     6 |       ||    12
       Hand axe          |       |     4 |    77 |    14 ||    95
 Cast: Freeze            |    39 |    35 |    50 |       ||   124
       Frozen Ramparts   |       |    47 |    74 |     7 ||   128
       Ozocubu's Armour  |       |       |     1 |       ||     1
       Summon Ice Beast  |       |       |     6 |     3 ||     9
  Use: Scroll            |       |     6 |     7 |       ||    13
       Potion            |       |       |     2 |     2 ||     4
Armor: Skin              |    12 |    29 |   133 |    35 ||   209
Dodge: Dodged            |    27 |    57 |   239 |    51 ||   374

Table legend: (Time is in decaauts)
 A = Elapsed time spent in this place.
 B = Non-inter-level travel time spent in this place.
 C = Inter-level travel time spent in this place.
 D = Time resting spent in this place.
 E = Time spent auto-exploring this place.
 F = Levels seen in this place.
 G = Mean time per level.
                   A        B        C        D        E       F      G
               +--------+--------+--------+--------+--------+-----+--------+
         Total |  12846 |  12399 |    447 |   2595 |   6304 |  11 | 1167.8 |
       Dungeon |  12655 |  12227 |    428 |   2595 |   6157 |  10 | 1265.5 |
        Temple |    190 |    171 |     19 |      0 |    147 |   1 |  190.0 |
               +--------+--------+--------+--------+--------+-----+--------+

Top non-repeatable levels by time:
     D:6: 2904 daAuts
     D:3: 2167 daAuts
     D:9: 1483 daAuts
     D:4: 1439 daAuts
     D:2: 1109 daAuts
     D:5: 1049 daAuts
     D:1: 1004 daAuts
     D:8: 762 daAuts
     D:7: 699 daAuts
  Temple: 190 daAuts
    D:10: 34 daAuts
